 Dungeon Crawl Stone Soup version 0.28-a0-1235-g7c8fac35f0 (webtiles) character file.

Game seed: 410658082540422304

882 HessuHobo the Cudgeller (level 8, -2/50 HPs)
             Began as a Gargoyle Fighter on Dec 25, 2021.
             Was a Follower of Makhleb.
             Killed by divine providence
             ... invoked by an orc priest
              (12 damage)
             ... on level 5 of the Dungeon.
             The game lasted 00:09:55 (6392 turns).

HessuHobo the Cudgeller (Gargoyle Fighter)          Turns: 6392, Time: 00:09:56

Health: -2/50      AC: 21    Str: 22    XL:     8   Next: 5%
Magic:  8/8        EV:  9    Int:  9    God:    Makhleb [*.....]
Gold:   317        SH:  4    Dex:  9    Spells: 7/7 levels left

rFire   . . .      SeeInvis .   r - +2 flail (protect)
rCold   . . .      Faith    .   c - +0 buckler
rNeg    + . .      Spirit   .   b - +0 scale mail
rPois   ∞          Reflect  .   j - +0 hat
rElec   +          Harm     .   g - +0 cloak
rCorr   .          Rampage  .   (no gloves)
Will    .....                   (no boots)
Stlth   +.........              x - amulet of the acrobat
HPRegen 0.16/turn               (no ring)
MPRegen 0.11/turn               (no ring)

@: under a protective aura
A: sickness immunity, AC +5, negative energy resistance 1, electricity
resistance, torment resistance 1, petrification resistance
a: Renounce Religion


You were on level 5 of the Dungeon.
You worshipped Makhleb.
Makhleb was aware of your devotion.
You visited 2 branches of the dungeon, and saw 6 of its levels.
You also visited: Ossuary.

You collected 317 gold pieces.

Inventory:

Hand Weapons
 a - a +0 flail
 p - a +0 whip of flaming
 r - a +2 flail of protection (weapon)
 t - a +0 whip of venom
Missiles
 h - 152 stones (quivered)
Armour
 b - a +0 scale mail (worn)
 c - a +0 buckler (worn)
 g - a +0 cloak (worn)
 j - a +0 hat (worn)
Jewellery
 x - an amulet of the acrobat (around neck)
 C - a ring of fire
Scrolls
 e - 5 scrolls of immolation {unknown}
 f - a scroll of blinking {unknown}
 k - 6 scrolls of teleportation
 l - a scroll of summoning {unknown}
 m - a scroll of torment {unknown}
 o - 3 scrolls of vulnerability {unknown}
 q - a scroll of acquirement {unknown}
 u - 3 scrolls of identify
 w - 2 scrolls of fear {unknown}
 y - 2 scrolls of enchant armour {unknown}
 A - a scroll of enchant weapon {unknown}
 D - a scroll of brand weapon {unknown}
 F - a scroll of amnesia {unknown}
Potions
 d - 2 potions of might
 i - 3 potions of mutation
 n - 3 potions of lignification {unknown}
 s - 2 potions of ambrosia {unknown}
 v - 2 potions of curing {unknown}
 z - a potion of haste {unknown}
 B - 3 potions of invisibility {unknown}
 E - a potion of heal wounds {unknown}


   Skills:
 + Level 5.6 Fighting
 * Level 6.0 Maces & Flails
 + Level 5.4 Armour
 - Level 3.0 Stealth
 - Level 4.0 Shields


You had 7 spell levels left.
You didn't know any spells.
Your spell library contained the following spells:

 Spells                   Type           Power      Damage    Failure   Level
 Magic Dart               Conj           0%         1d3       69%         1
 Call Imp                 Summ           0%         N/A       83%         2
 Mephitic Cloud           Conj/Pois/Air  0%         N/A       96%         3
 Petrify                  Tmut/Erth      0%         N/A       100%        4
 Blade Hands              Tmut           0%         N/A       100%        5
 Irradiate                Conj/Tmut      0%         3d13      100%        5
 Dragon Form              Tmut           0%         N/A       100%        7
 Sublimation of Blood     Necr           Unusable   N/A       N/A         2

Dungeon Overview and Level Annotations

Branches:
Dungeon (5/15)             Temple (1/1) D:5         Ossuary (visited)

Altars:
Ashenzari
Dithmenos
Makhleb
Nemelex Xobeh
Ru
Sif Muna
Trog
Uskayaw
Wu Jian
Xom
Yredelemnul


Innate Abilities, Weirdness & Mutations

You are immune to sickness and miasma.
Your stone body is resilient. (AC +5)
You are immune to poison.
You resist negative energy. (rN+)
You are resistant to electric shocks. (rElec)
You are resistant to unholy torment.
You are immune to petrification.


Message History

You thump the orc!
Your weapon exudes an aura of protection.
You kill the orc!
Makhleb accepts your kill. The orc hits you but does no damage.
You sock the orc!
You kill the orc!
Makhleb accepts your kill.
Your Maces & Flails skill increases to level 6!
You sock the orc!
You kill the orc!
Makhleb accepts your kill.
You can now gain health from killing.
The orc priest calls down the wrath of Beogh upon you.
Beogh smites you!
You thump the orc priest!
The orc priest is severely wounded.
The orc priest hits you with a +2 dagger of venom.
You sock the orc priest!
You kill the orc priest!
Makhleb accepts your kill.
The orc priest invokes the aid of Beogh against you.
Beogh smites you!
* * * LOW HITPOINT WARNING * * *
The orc priest invokes the aid of Beogh against you.
Pain shoots through your body!
* * * LOW HITPOINT WARNING * * *
Items here: )))) ? [[ †††.
You closely miss the orc priest.
The orc priest hits you but does no damage.
You hit the orc priest.
The orc priest is heavily wounded.
The orc priest barely misses you.
You barely miss the orc priest.
The orc priest is heavily wounded.
The orc priest hits you but does no damage.
You hit the orc priest.
The orc priest is almost dead.
The orc priest invokes the aid of Beogh against you.
Beogh smites you!
You die...

#......#####.# #.......
#............# #.......
#####............#
#.......
#....[...........#
#.......
#.###............#
#....... #.#
#............# #.......
#.# #............#
########
##.###################..
...##
#...........).o@........
...^.
#######...####.#######..
...## #...# #.# #...#
#.# #...# #.#########
#...# #.......... #####
#.....o..# #........#
#........#


You could see an orc priest.

Vanquished Creatures
  An ice beast (D:4)
  An ogre (D:4)
  A kobold brigand (D:4)
  A scorpion (D:4)
  A water moccasin zombie (D:5)
  3 human zombies
  A hound (D:5)
  2 jellies (D:4)
  2 orc priests (D:5)
  3 orc wizards
  4 mummies (Ossuary)
  8 adders
  An adder skeleton (D:4)
  An adder zombie (Ossuary)
  A dart slug (D:4)
  15 orcs
  6 ball pythons
  4 bats
  4 endoplasms
  2 giant cockroaches
  A gnoll zombie (Ossuary)
  4 goblins
  4 hobgoblins
  11 kobolds
  3 quokkas
  A frilled lizard (D:2)
  A hobgoblin zombie (Ossuary)
  2 jackal zombies (Ossuary)
  A kobold zombie (Ossuary)
  An orc skeleton (D:5)
  3 orc zombies (Ossuary)
  5 rats
  A rat zombie (Ossuary)
100 creatures vanquished.

Notes
Turn   | Place    | Note
-------+----------+-------------------------------------------
     0 | D:1      | HessuHobo the Gargoyle Fighter began the quest for the Orb.
     0 | D:1      | Reached XP level 1. HP: 14/14 MP: 1/1
    86 | D:1      | Found a faded altar of an unknown god.
   309 | D:1      | Reached XP level 2. HP: 18/19 MP: 2/2
  1316 | D:2      | Reached skill level 1 in Stealth
  1316 | D:2      | Reached XP level 3. HP: 23/23 MP: 3/3
  1852 | D:2      | Reached XP level 4. HP: 29/29 MP: 4/4
  1985 | D:2      | Reached skill level 3 in Maces & Flails
  2743 | D:3      | Reached XP level 5. HP: 33/33 MP: 5/5
  2975 | D:3      | Found an ornate altar of the Wu Jian Council.
  3373 | D:3      | You fall into a shaft and drop 1 floor!
  3533 | D:4      | Reached skill level 4 in Maces & Flails
  3533 | D:4      | Reached XP level 6. HP: 37/38 MP: 6/6
  3919 | D:4      | Noticed an ice beast
  3946 | D:4      | Killed an ice beast
  4702 | D:4      | Reached XP level 7. HP: 40/44 MP: 7/7
  4739 | D:4      | Identified the +1 hand axe of Impatience {vorpal, rElec
                  | Int+4}
  4802 | D:4      | Found a shadowy altar of Dithmenos.
  4900 | D:4      | Reached skill level 5 in Fighting
  4900 | D:4      | Reached skill level 5 in Maces & Flails
  5107 | D:5      | Entered Level 5 of the Dungeon
  5121 | D:5      | Found a staircase to the Ecumenical Temple.
  5128 | Temple   | Entered the Ecumenical Temple
  5397 | Temple   | Became a worshipper of Makhleb the Destroyer
  5502 | D:5      | Found a sand-covered staircase.
  5602 | Ossuary  | Entered an ossuary
  5622 | Ossuary  | Reached skill level 5 in Armour
  6337 | D:5      | Reached XP level 8. HP: 45/50 MP: 8/8
  6385 | D:5      | Reached skill level 6 in Maces & Flails
  6385 | D:5      | Reached * piety under Makhleb
  6392 | D:5      | Killed from afar by an orc priest

Illustrated notes

Levels and vault maps discovered:
D:1:      saegor_arrival_simple_a, layout_loops_cross,
          hellmonk_ecumenical_altar_run_dry
D:2:      layout_loops_cross, minmay_pentomino_v4
D:3:      layout_basic, mainiacjoe_overflow_cross_hatched
D:4:      layout_cave_pods, grunt_dithmenos_smoke_and_mirrors,
          kennysheep_small_spiral, hex_large, minivault_25,
          chequers_serial_rivers_micro_c
D:5:      layout_basic, temple_fountains, nicolae_ossuary_entry_catacombs
Temple:   compressed_dpeg_triangle_lava_temple

Skill      XL: |  1  2  3  4  5  6  7  8 |
---------------+-------------------------+-----
Stealth        | 1 2 3 |  3.0
Maces & Flails | 3 4 5 6 |  6.0
Fighting       | 4 5 |  5.6
Armour         | 4 5 |  5.4
Shields        | 4 |  4.0

Action                   |  1- 3 |  4- 6 |  7- 9 || total
-------------------------+-------+-------+-------++-------
Melee: Flail             |   106 |    45 |    97 ||   248
       Whip              |       |   112 |    64 ||   176
Throw: Stone             |       |     4 |     2 ||     6
  Use: Scroll            |     2 |       |       ||     2
Armor: Scale mail        |    72 |    57 |   190 ||   319
Dodge: Dodged            |    60 |    55 |   133 ||   248
Block: Buckler           |    23 |    37 |    74 ||   134

Table legend: (Time is in decaauts)
 A = Elapsed time spent in this place.
 B = Non-inter-level travel time spent in this place.
 C = Inter-level travel time spent in this place.
 D = Time resting spent in this place.
 E = Time spent auto-exploring this place.
 F = Levels seen in this place.
 G = Mean time per level.
                   A        B        C        D        E       F      G
               +--------+--------+--------+--------+--------+-----+--------+
         Total |   6426 |   6195 |    231 |   1968 |   3167 |   7 |  918.0 |
       Dungeon |   5627 |   5396 |    231 |   1703 |   2840 |   5 | 1125.4 |
        Temple |    312 |    312 |      0 |      0 |    229 |   1 |  312.0 |
       Ossuary |    487 |    487 |      0 |    265 |     98 |   1 |  487.0 |
               +--------+--------+--------+--------+--------+-----+--------+

Top non-repeatable levels by time:
     D:4: 1529 daAuts
     D:2: 1251 daAuts
     D:1: 1211 daAuts
     D:3: 1157 daAuts
 Ossuary: 487 daAuts
     D:5: 478 daAuts
  Temple: 312 daAuts
